 Dungeon Crawl Stone Soup version 0.17-a0-1636-g3119f2b (webtiles) character file.

147 mrath the Magician (level 5, -2/24 HPs)
             Began as a Spriggan Wizard on Aug 6, 2015.
             Slain by an orc (5 damage)
             ... on level 3 of the Dungeon.
             The game lasted 00:40:16 (5217 turns).

mrath the Magician (Spriggan Wizard)                Turns: 5217, Time: 00:40:18

Health: -2/24      AC:  2    Str:  4    XL:     5   Next: 7%
Magic:  2/13       EV: 19    Int: 20    God:
Gold:   114        SH:  0    Dex: 14    Spells: 3 memorised, 8 levels left

rFire  . . .     SeeInvis +     l - +2 short sword (holy)
rCold  . . .     Clarity  .     a - +0 robe
rNeg   . . .     SustAt   .     (shield restricted)
rPois  .         Gourm    .     b - +0 hat
rElec  .         Spirit   .     (no cloak)
rCorr  .         Warding  .     (gloves unavailable)
rMut   .         Stasis   .     (boots unavailable)
MR     .....                    t - amulet of regeneration
Stlth  +++.......               (no ring)
                                (no ring)

@: slowed, quick, not resistant to hostile enchantments, fairly stealthy
A: unfitting armour, see invisible, herbivore 3, speed 3, slow metabolism 2
a: no special abilities


You were on level 3 of the Dungeon.
You were not hungry.

You visited 1 branch of the dungeon, and saw 3 of its levels.

You collected 114 gold pieces.

Inventory:

Hand weapons
 k - a +0 dagger
 l - a +2 short sword of holy wrath (weapon)
 p - a cursed -2 dagger
Missiles
 e - 149 stones (quivered)
 j - 18 sling bullets
Armour
 a - a +0 robe (worn)
 b - a +0 hat (worn)
Jewellery
 t - an amulet of regeneration (around neck)
Scrolls
 f - a scroll of amnesia {unknown}
 g - 2 scrolls of remove curse
 h - 2 scrolls of identify {unknown}
 n - a scroll of noise {unknown}
 q - a scroll of magic mapping {unknown}
Potions
 m - a potion of agility {unknown}
 o - a potion of beneficial mutation {unknown}
 s - a potion of poison {unknown}
Books
 c - a book of Minor Magic

   Spells                             Type                      Level
   a - Magic Dart                     Conjuration                  1
   b - Blink                          Translocation                2
   c - Call Imp                       Summoning                    2
   d - Repel Missiles                 Charms/Air                   2
   e - Slow                           Hexes                        2
   f - Conjure Flame                  Conjuration/Fire             3
   g - Mephitic Cloud                 Conjuration/Poison/Air       3
Comestibles
 d - 6 bread rations
 r - a fruit


   Skills:
 + Level 4.5 Dodging
 + Level 4.6 Stealth
 + Level 4.7 Spellcasting
 * Level 2.1 Conjurations
   Level 0.7 Summonings
 - Level 1.5 Translocations
 + Level 0.1 Air Magic


You had 8 spell levels left.
You knew the following spells:

 Your Spells              Type           Power        Failure   Level  Hunger
a - Magic Dart            Conj           ##..         6%          1    None
b - Blink                 Tloc           N/A          12%         2    #......
c - Repel Missiles        Chrm/Air       #.....       21%         2    #......


Dungeon Overview and Level Annotations

Branches:
Dungeon (3/15)

Altars:
The Shining One

Annotations:
D:2 Ijyb


Innate Abilities, Weirdness & Mutations

You are tiny and cannot use many weapons and most armour.
You have supernaturally acute eyesight.
You are a herbivore.
You cover ground extremely quickly.
You need consume almost no food.


Message History

The magic dart hits you!
* * * LOW HITPOINT WARNING * * *
Casting: Magic Dart
Confirm with . or Enter, or press ? or * to list all spells.
You don't have enough magic to cast that spell.
Drink which item? (? for menu, Esc to quit)
It was a potion of curing.
You feel better. The orc wizard casts a spell at you. The magic dart hits you!
The orc misses you. The orc completely misses you.
The orc wizard casts a spell at you. The magic dart hits you!
* * * LOW HITPOINT WARNING * * *
You hit the orc wizard.
The orc wizard is almost dead.
The orc wizard hits you but does no damage.
The orc hits you.
* * * LOW HITPOINT WARNING * * *
The orc wizard gestures at you while chanting.
You easily resist.
The orc hits you.
You die...

#.############.###...>#...#.
........>....<.###....##..#.
...######..###....o........#.
o.... .....# #.#############.
.##### #####.#
#.#####......).. #o
......###.....#.########
.......%#.....#.##......
####o#.....#.##.##### ...
#@#.......##.# ....
#o##....####.#
....####.##....# #.#
...............# #.#
......$......### #.#
.###.........# #.#
#.........# #.# #####.#####
#)# #.##########.#


You could see an orc wizard and an orc.

Vanquished Creatures
  Jessica (D:2)
  Terence (D:2)
  4 adders
  A gnoll (D:3)
  An ooze (D:1)
  An orc (D:3)
  A ball python (D:1)
  2 giant cockroaches
  5 hobgoblins
  3 jackals (D:2)
  5 bats
  3 giant newts
  14 goblins
  2 kobolds (D:2)
  5 rats
49 creatures vanquished.

Notes
Turn   | Place    | Note
--------------------------------------------------------------
     0 | D:1      | mrath the Spriggan Wizard began the quest for the Orb.
     0 | D:1      | Reached XP level 1. HP: 9/9 MP: 6/6
   482 | D:1      | Reached skill level 1 in Conjurations
   534 | D:1      | Reached XP level 2. HP: 13/13 MP: 2/8
   721 | D:1      | Learned a level 2 spell: Blink
  1355 | D:2      | Noticed Terence
  1453 | D:1      | Reached XP level 3. HP: 16/16 MP: 2/9
  1885 | D:2      | Learned a level 2 spell: Repel Missiles
  1897 | D:2      | Noticed Jessica
  1916 | D:2      | Killed Jessica
  2333 | D:2      | Reached XP level 4. HP: 21/21 MP: 5/11
  3479 | D:2      | Killed Terence
  3833 | D:2      | Noticed Ijyb
  5038 | D:3      | Reached XP level 5. HP: 24/24 MP: 7/13
  5102 | D:3      | Found a glowing golden altar of the Shining One.
  5217 | D:3      | Slain by an orc

Vault maps used:
D:1:      eino_arrival_druids_welcome, minivault_23
D:2:      kennysheep_goblin_castle, minmay_crystal_water, supply_closet_lemuel,
          due_unseen_surprise, uniq_terence, uniq_jessica
D:3:      ecumenical_altar_2, minmay_tree_intersection, tso_metal_star

Action                   |  1- 3 |  4- 6 || total
-------------------------+-------+-------++-------
Melee: Short sword       |       |     3 ||     3
 Cast: Magic Dart        |   111 |   152 ||   263
  Use: Scroll            |     1 |       ||     1
       Potion            |       |     1 ||     1
  Eat: Fruit             |       |     1 ||     1
